 Dungeon Crawl Stone Soup version 0.28-a0-8-g6e044cfa68 (webtiles) character file.

Game seed: 4618853766778211547

83399 freelancePsychic the Destroyer (level 15, -26/135 HPs)
             Began as a Demonspawn Fire Elementalist on July 23, 2021.
             Was a High Priest of Vehumet.
             Annihilated by an ettin (41 damage)
             ... while paralysed by a sphinx
             ... on level 13 of the Dungeon on July 24, 2021.
             The game lasted 01:06:54 (31339 turns).

freelancePsychic the Destroyer (DsFE)              Turns: 31339, Time: 01:06:55

Health: -26/135    AC: 11    Str:  9    XL:     15   Next: 32%
Magic:  25/25      EV:  2    Int: 34    God:    Vehumet [*****.]
Gold:   1803       SH:  0    Dex: 16    Spells: 1/28 levels left

rFire   . . .      SeeInvis +   b - staff of conjuration
rCold   . . .      Faith    .   (no shield)
rNeg    . . .      Spirit   .   D - +2 robe {Archmagi}
rPois   .          Reflect  .   T - +0 helmet of Kaytsujo {Rampage Int+4 Dex+2 Slay+3}
rElec   .          Harm     .   c - +0 cloak
rCorr   +          Rampage  +   (gloves unavailable)
Will    +....      Archmagi +   t - +0 pair of boots
Stlth   ++........              y - amulet of magic regeneration
HPRegen 0.32/turn               K - ring of Xoer Otavvem {Wiz rCorr Int+2 SInv}
MPRegen 0.44/turn               o - +6 ring of intelligence

@: paralysed, slowed
A: claws 3, demonic guardian 3, icemail 1, robust 1, sturdy frame 2,
condensation shield
a: Renounce Religion


You were on level 13 of the Dungeon.
You worshipped Vehumet.
Vehumet was extremely pleased with you.
You visited 3 branches of the dungeon, and saw 21 of its levels.
You also visited: Sewer, Bailey and Ice Cave.

You collected 1803 gold pieces.

Inventory:

Hand Weapons
 a - the +7 rapier of Profit {freeze, Int+3}
   (You found it on level 5 of the Dungeon)

   It freezes those it strikes, dealing additional cold damage.
   It can also slow down cold-blooded creatures.
   Int:       It affects your intelligence (+3).
Missiles
 g - 9 atropa-tipped darts
 A - a throwing net
 G - 6 curare-tipped darts
Armour
 c - a +0 cloak (worn)
 t - a +0 pair of boots (worn)
 D - a +2 robe of the Archmagi (worn)
 T - the +0 helmet of Kaytsujo (worn) {Rampage Int+4 Dex+2 Slay+3}
   (You acquired it on level 3 of the Lair of Beasts)

   Int:       It affects your intelligence (+4).
   Dex:       It affects your dexterity (+2).
   Slay:      It affects your accuracy & damage with ranged weapons and melee
   (+3).
   Rampage:   It bestows one free step when moving towards enemies.
Magical Staves
 b - a staff of conjuration (weapon)
 S - a staff of air
Jewellery
 m - a ring of resist corrosion
 o - a +6 ring of intelligence (right claw)
 s - an amulet of reflection
 u - the ring "Waqadots" {Fire Dex+2}
   (You took it off an orc warrior on level 12 of the Dungeon)

   [ring of fire]

   It enhances your fire magic.
   Dex:       It affects your dexterity (+2).
   rF:        It protects you from fire.
   rC:        It makes you vulnerable to cold.
 y - an amulet of magic regeneration (around neck)
 K - the ring of Xoer Otavvem (left claw) {Wiz rCorr Int+2 SInv}
   (You took it off a vampire on level 11 of the Dungeon)

   [ring of wizardry]

   It improves your spell success rate.
   Int:       It affects your intelligence (+2).
   SInv:      It lets you see invisible.
   rCorr:     It protects you from acid and corrosion.
 M - a ring of positive energy
 Q - a ring of protection from fire
Wands
 d - a wand of iceblast (19)
 e - a wand of mindburst (7)
 f - a wand of acid (6)
 h - a wand of polymorph (8)
 r - a wand of flame (37)
 J - a wand of digging (5)
Scrolls
 j - 2 scrolls of holy word
 k - a scroll of fear {unknown}
 q - 3 scrolls of enchant armour
 v - 5 scrolls of enchant weapon
 w - 3 scrolls of immolation
 C - a scroll of blinking {unknown}
 E - a scroll of torment
 F - a scroll of identify {@r1}
 H - a scroll of brand weapon
 N - a scroll of teleportation {@r4}
 O - a scroll of silence
 P - a scroll of summoning
Potions
 i - a potion of invisibility {unknown}
 l - 2 potions of might
 n - 4 potions of mutation
 p - a potion of resistance {unknown}
 x - 2 potions of haste {@q3}
 z - 5 potions of curing {@q1}
 B - 6 potions of flight
 I - 2 potions of lignification
 L - 15 potions of ambrosia
 R - 3 potions of brilliance
 U - a potion of cancellation
 X - a potion of berserk rage {unknown}
 Y - a potion of attraction
 Z - 2 potions of heal wounds {@q2}


   Skills:
 - Level 13.0 Fighting
 - Level 10.9 Dodging
 - Level 1.7 Stealth
 - Level 7.0 Spellcasting
 - Level 14.2 Conjurations
 + Level 2.1 Hexes
 + Level 4.6 Transmutations
 - Level 8.4 Fire Magic
 - Level 9.1 Earth Magic


You had one spell level left.
You knew the following spells:

 Your Spells              Type           Power      Damage    Failure   Level
a - Bolt of Magma         Conj/Fire/Erth 56%        4d22      1%          5
b - Iron Shot             Conj/Erth      58%        9d11      1%          6
c - Irradiate             Conj/Tmut      53%        3d31      1%          5
d - Starburst             Conj/Fire      58%        8x6d15    1%          6
e - Yara's Violent Unrav  Hex/Tmut       25%        3d11      3%          5

Your spell library contained the following spells:

 Spells                   Type           Power      Damage    Failure   Level
 Foxfire                  Conj/Fire      100%       2x1d9     1%          1
 Sandblast                Erth           100%       2d20      1%          1
 Sting                    Tmut/Pois      100%       1d8       1%          1
 Searing Ray              Conj           100%       3d7       0%          2
 Passwall                 Tmut/Erth      60%        N/A       1%          2
 Conjure Flame            Conj/Fire      100%       6-21      1%          3
 Ignite Poison            Fire/Tmut/Pois 58%        N/A       1%          3
 Inner Flame              Hex/Fire       64%        N/A       1%          3
 Hailstorm                Conj/Ice       94%        3d19      1%          4
 Petrify                  Tmut/Erth      73%        N/A       1%          4
 Sticky Flame             Conj/Fire      100%       2d11      1%          4
 Fireball                 Conj/Fire      58%        3d22      1%          5
 Lee's Rapid Deconstruct  Erth           42%        3d21*     1%          5
 Blink                    Tloc           N/A        N/A       2%          2
 Sublimation of Blood     Necr           8%         N/A       2%          2
 Swiftness                Air            17%        N/A       4%          3
 Ice Form                 Ice/Tmut       41%        N/A       6%          4
 Borgnjor's Vile Clutch   Necr/Erth      29%        N/A       6%          5
 Animate Dead             Necr           8%         N/A       14%         4
 Summon Lightning Spire   Summ/Air       17%        N/A       14%         4
 Manifold Assault         Tloc           17%        N/A       36%         5
 Invisibility             Hex            20%        N/A       63%         6
 Simulacrum               Ice/Necr       8%         N/A       89%         6
 Storm Form               Tmut/Air       20%        N/A       99%         7
 Maxwell's Capacitive Co  Air            8%         ∞         100%        8


Dungeon Overview and Level Annotations

Branches:
Dungeon (13/15)            Temple (0/1) D:6            Lair (6/6) D:10
  Swamp (0/4) Lair:4       Spider (0/4) Lair:4        Slime (0/5) Lair:6
    Orc (2/2) D:12            Elf (0/3) Orc:2        Vaults (0/5) D:13
  Sewer (visited)          Bailey (visited)           IceCv (visited)

Altars:
Ashenzari
Dithmenos
Fedhas
Hepliaklqana
Kikubaaqudgha
Qazlal
Ru
Vehumet
Xom

Shops:
Orc:1 (   Orc:2 *(((

Annotations:
D:2 1 runed translucent door, Crazy Yiuf
D:3 exclusion: statue
D:8 1 transporter, TwistedFlax's ghost, novice GnWn
Lair:6 Rupert


Innate Abilities, Weirdness & Mutations

You have claws for hands.
A powerful demonic guardian rushes to your aid.
A meltable icy envelope protects you from harm. (AC +4)
You are robust. (+10% HP)
Your movements are less encumbered by armour. (ER -4)
A meltable shield of frost defends you. (SH +4)


Message History

Confirm with . or Enter, or press ? or * to list all spells.
Aiming: Iron Shot (mildly dangerous; 1% risk of failure)
Press: ? - help, Shift-Dir - straight line, f - unseen horror
Aim: an unseen horror (slightly transparent, 79% to hit)
You feel a strong surge of power!
The iron shot hits the unseen horror!!!
You kill the unseen horror!
Vehumet accepts your kill.
You feel your power returning.
You start resting.
Your magical contamination has completely faded away.
You start resting.
The sentinel's mark upon you fades away.
You start resting.
HP restored.
You start resting.
Magic restored.
You climb downwards.
You hear a grinding noise.
The sphinx hits you.
The sphinx hits you but does no damage. x2
You hear a grinding noise.
There is a stone staircase leading up here.
The sphinx mumbles some strange words.
You suddenly lose the ability to move!
The sphinx hits you but does no damage. The sphinx hits you.
A demonic guardian appears!
The sphinx hits you.
The tengu reaver hits you from afar with a +0 bardiche of protection!
The sphinx casts a spell.
Something smites you!
Your balrug hits the sphinx with a +3 demon whip of electrocution!
The sphinx is engulfed in flames!!
The ettin hits you with a +0 dire flail!!
The ettin hits you with a +0 great mace.
The tengu reaver hits you from afar with a +0 bardiche of protection!
The deep troll earth mage gestures at you while chanting.
The wall shatters!
The blast of rock fragments hits your balrug!
The sphinx hits you!! The sphinx hits you. The sphinx barely misses you.
Your balrug barely misses the deep troll earth mage.
The ettin hits you with a +0 dire flail!!
* * * LOW HITPOINT WARNING * * *
The ettin hits you with a +0 great mace!!!
You die...

#.........(....# #.#
#######.#.....#### #^#########
####.#........# #..........
#..........#..###......)...
#.##....................... *****
#.##.......#..###.......... ,,,,*
#.#####..###..###.......... ,,*,*
#..........C..#............ *,*,*
#######..2@H.##.#.......... *,*,*
#...T#Q#.[#.#...##### *,*,*
#...#c......##..# *,*,***
#...##..#.####..# ** *,,,,,*
****#...##.##....#..## *,
*,,,,,***,,,......##.Q#..#...###.
*,,,,,,,,,,......##..###.#.#.....
*,,,,,**,,......##...#.##....###.
*,,,,,**,**##..##..#....##.### *,


You could see a sphinx, a tengu reaver, an ettin, a centaur warrior, a deep
troll earth mage (ally target) and a friendly balrug (summoned).

Vanquished Creatures
  A deep elf annihilator (D:11)
  2 ettins
  Erica (D:8)
  4 ogre magi (Orc:2)
  4 hydras
  4 boulder beetles
  A centaur warrior (D:13)
  17 two-headed ogres
  A death yak (Lair:3)
  A death knight (D:11)
  A skeletal warrior (D:11)
  A glowing orange brain (shapeshifter) (D:12)
  A wizard (D:13)
  Pikel (D:8)
  3 ugly things
  An orc knight (Orc:1)
  A deep elf pyromancer (D:12)
  5 oklob plants
  4 manticores
  4 cyclopes
  2 black mambas
  9 elephants
  2 ice statues (IceCv)
  A torpor snail (Lair:3)
  15 cane toads
  2 gargoyles
  2 rime drakes
  5 kobold demonologists
  4 unseen horrors
  Psyche (D:9)
  7 komodo dragons
  2 efreet
  3 freezing wraiths
  5 meliai
  6 trolls
  A jumping spider (shapeshifter) (D:11)
  A queen bee (Lair:4)
  2 polar bears
  A hornet (D:9)
  Grinder (D:4)
  5 dream sheep (Lair:4)
  8 blink frogs (Lair:3)
  16 slime creatures (D:12)
  A centaur simulacrum (D:11)
  A tarantella (Lair:4)
  3 wraiths
  3 vampires
  5 wyverns
  Sigmund (D:2)
  2 basilisks
  25 yaks
  A death yak simulacrum (IceCv)
  A steam dragon (D:7)
  13 vampire mosquitoes
  3 acid dragons
  13 water moccasins
  An ice beast (D:5)
  Duvessa (D:4)
  2 sky beasts
  17 orc warriors
  4 black bears
  A necrophage (D:5)
  24 wolves
  8 centaurs
  24 ogres
  A lemure (D:8)
  22 kobold brigands
  A gnoll sergeant (D:9)
  24 bullfrogs
  Dowan (D:4)
  21 killer bees (Lair:4)
  2 elephant simulacra (IceCv)
  14 wights
  6 howler monkeys
  A centaur zombie (D:9)
  A quasit (Sewer)
  9 orc priests
  2 gnoll shamans
  3 hounds
  2 jellies (D:5)
  4 iguanas
  19 orc wizards
  A scorpion zombie (D:5)
  2 wolf simulacra (IceCv)
  A hound skeleton (D:5)
  8 adders
  8 gnolls
  3 river rats (D:5)
  4 shadow imps (Sewer)
  13 white imps
  8 ufetubi
  2 worms (D:2)
  A dart slug (D:4)
  76 orcs
  8 ball pythons
  9 bats
  A bat zombie (Sewer)
  6 endoplasms
  4 giant cockroaches
  4 hobgoblins
  12 jackals
  4 quokkas
  A frilled lizard (D:2)
  10 goblins
  33 kobolds
  A kobold zombie (Sewer)
  5 rats
  8 bushes (Lair:2)
  A butterfly (Lair:6)
680 creatures vanquished.

Vanquished Creatures (collateral kills)
  Harold (D:7)
  A hydra (D:11)
  A two-headed ogre (Orc:2)
  A deep elf knight (D:12)
  2 manticores (D:11)
  A gargoyle (D:11)
  A slime creature (D:12)
  A wolf (Lair:1)
  An ogre (Orc:2)
  2 centaurs (D:9)
  An orc priest (D:4)
  Jessica (D:2)
  A dart slug (D:4)
  2 orcs
  2 jackals (D:1)
  2 rats (D:1)
21 creatures vanquished.

Vanquished Creatures (others)
  A meliai simulacrum (D:11)
  An endoplasm (Sewer)
  616 foxfires
  44 fungi
  73 plants
735 creatures vanquished.

Grand Total: 1436 creatures vanquished

Notes
Turn   | Place    | Note
-------+----------+-------------------------------------------
     0 | D:1      | freelancePsychic the Demonspawn Fire Elementalist began the
                  | quest for the Orb.
     0 | D:1      | Reached XP level 1. HP: 13/13 MP: 3/3
   168 | D:1      | Found a faded altar of an unknown god.
   306 | D:1      | Gained mutation: A weak demonic guardian rushes to your
                  | aid. [demonic ancestry]
   306 | D:1      | Reached XP level 2. HP: 19/19 MP: 0/5
   939 | D:2      | Gained mutation: A meltable shield of frost defends you.
                  | (SH +4) [demonic ancestry]
   939 | D:2      | Reached XP level 3. HP: 24/24 MP: 0/6
  1082 | D:2      | Noticed Sigmund
  1274 | D:2      | Reached skill level 2 in Conjurations
  1933 | D:2      | Noticed Jessica
  1952 | D:2      | Killed Jessica
  2137 | D:2      | Gained mutation: Your movements are slightly less
                  | encumbered by armour. (ER -2) [demonic ancestry]
  2137 | D:2      | Reached XP level 4. HP: 26/30 MP: 2/8
  2530 | D:2      | Found a runed translucent door.
  2531 | D:2      | Noticed Crazy Yiuf
  2875 | D:3      | Found a radiant altar of Vehumet.
  2875 | D:3      | Noticed a frost-covered statue
  2882 | D:3      | Became a worshipper of Vehumet
  3730 | D:4      | Noticed an ogre
  3732 | D:4      | Noticed Duvessa
  3732 | D:4      | Noticed Dowan
  3829 | D:4      | Killed an ogre
  3830 | D:4      | Reached skill level 3 in Conjurations
  3830 | D:4      | Gained mutation: You have sharp fingernails. [demonic
                  | ancestry]
  3830 | D:4      | Reached XP level 5. HP: 9/35 MP: 4/9
  4063 | D:4      | Noticed Grinder
  4589 | D:4      | Killed Dowan
  4790 | D:4      | Gained mutation: A demonic guardian rushes to your aid.
                  | [demonic ancestry]
  4790 | D:4      | Reached XP level 6. HP: 41/41 MP: 5/10
  4795 | D:4      | Reached skill level 4 in Conjurations
  4964 | D:4      | Killed Duvessa
  5239 | D:4      | Killed Grinder
  5240 | D:4      | Reached skill level 5 in Conjurations
  5240 | D:4      | Reached skill level 5 in Fire Magic
  5240 | D:4      | Reached XP level 7. HP: 44/46 MP: 0/11
  5331 | D:4      | Learned a level 4 spell: Sticky Flame
  5565 | D:4      | Reached * piety under Vehumet
  5565 | D:4      | Offered knowledge of Sandblast by Vehumet.
  5874 | D:5      | Entered Level 5 of the Dungeon
  5913 | D:5      | Reached skill level 6 in Conjurations
  6010 | D:5      | Found a glowing drain.
  6023 | Sewer    | Entered a sewer
  6429 | Sewer    | Found a burning altar of Makhleb.
  6435 | Sewer    | Gained mutation: A powerful demonic guardian rushes to your
                  | aid. [demonic ancestry]
  6435 | Sewer    | Reached XP level 8. HP: 51/52 MP: 12/12
  6593 | Sewer    | Reached ** piety under Vehumet
  6593 | Sewer    | Offered knowledge of Searing Ray by Vehumet.
  6597 | Sewer    | Learned a level 2 spell: Searing Ray
  6970 | D:5      | Reached skill level 7 in Conjurations
  7324 | D:5      | Found a blossoming altar of Fedhas.
  7327 | D:5      | Identified the +7 rapier of Profit {freeze, Int+3}
  7464 | D:5      | Found an ancient bone altar of Kikubaaqudgha.
  7473 | D:5      | Found a shadowy altar of Dithmenos.
  7814 | D:2      | Killed Sigmund
  7907 | D:5      | Learned a level 5 spell: Fireball
  7940 | D:6      | Reached skill level 8 in Conjurations
  7943 | D:6      | Offered knowledge of Frozen Ramparts by Vehumet.
  7953 | D:6      | Gained mutation: You have very sharp fingernails. [demonic
                  | ancestry]
  7953 | D:6      | Reached XP level 9. HP: 16/57 MP: 0/13
  8594 | D:6      | Found a staircase to the Ecumenical Temple.
  8745 | D:6      | Reached *** piety under Vehumet
  9056 | D:7      | Found a shimmering altar of Xom.
  9299 | D:7      | Reached skill level 1 in Fighting
  9960 | D:7      | Offered knowledge of Olgreb's Toxic Radiance by Vehumet.
 10043 | D:7      | Found a broken altar of Ashenzari.
 10280 | D:7      | Reached skill level 5 in Fighting
 10304 | D:7      | Noticed Harold
 10321 | D:7      | Killed Harold
 10811 | D:7      | Gained mutation: Your movements are less encumbered by
                  | armour. (ER -4) [demonic ancestry]
 10811 | D:7      | Reached XP level 10. HP: 79/79 MP: 6/14
 11010 | D:8      | Identified the +7 great mace of Tinnimec {freeze, rF+
                  | Dex+3}
 11015 | D:8      | Found a transporter.
 11034 | D:8      | Noticed Pikel
 11042 | D:8      | Noticed Erica
 11044 | D:8      | Found a flagged portal.
 11054 | D:8      | Reached **** piety under Vehumet
 11057 | D:8      | Killed Pikel
 11069 | D:8      | Killed Erica
 11098 | Bailey   | Entered a bailey
 11098 | Bailey   | Noticed an orc knight
 11098 | Bailey   | Noticed an orc knight
 11387 | D:8      | Noticed TwistedFlax's ghost (novice GnWn)
 12043 | D:8      | Offered knowledge of Bolt of Magma by Vehumet.
 12416 | D:8      | Reached skill level 1 in Earth Magic
 12558 | D:8      | Learned a level 5 spell: Bolt of Magma
 12567 | D:9      | Noticed Psyche
 12574 | D:9      | Killed Psyche
 13082 | D:9      | Found a hazy altar of Hepliaklqana.
 13083 | D:9      | Found a faded altar of an unknown god.
 13146 | D:9      | Found a sacrificial altar of Ru.
 13188 | D:9      | Found a stormy altar of Qazlal.
 13298 | D:9      | Reached skill level 5 in Spellcasting
 13629 | D:9      | Gained mutation: You have claws for hands. [demonic
                  | ancestry]
 13629 | D:9      | Reached XP level 11. HP: 90/90 MP: 14/18
 13851 | D:10     | Entered Level 10 of the Dungeon
 13851 | D:10     | Noticed a two-headed ogre
 14160 | D:10     | Reached skill level 5 in Earth Magic
 14440 | D:10     | Found a staircase to the Lair.
 14625 | D:10     | Reached ***** piety under Vehumet
 14625 | D:10     | Offered knowledge of Iron Shot by Vehumet.
 14627 | D:10     | Killed a two-headed ogre
 14644 | D:10     | Reached skill level 5 in Dodging
 14943 | D:10     | Learned a level 6 spell: Iron Shot
 15087 | D:10     | Noticed a two-headed ogre
 15091 | D:10     | Killed a two-headed ogre
 15561 | D:11     | Identified a scroll of acquirement
 15561 | D:11     | Acquired a staff of conjuration
 15865 | D:11     | Identified the ring of Xoer Otavvem {Wiz rCorr Int+2 SInv}
 15937 | D:11     | Noticed a tengu warrior
 15968 | D:11     | Noticed an ettin
 15992 | D:11     | Noticed a skeletal warrior
 15999 | D:11     | Killed an ettin
 16000 | D:11     | Reached skill level 9 in Conjurations
 16152 | D:11     | Noticed a two-headed ogre
 16168 | D:11     | a tengu warrior changed into a meliai
 16580 | D:11     | Noticed a two-headed ogre
 16584 | D:11     | Killed a two-headed ogre
 16585 | D:11     | Reached XP level 12. HP: 97/97 MP: 7/19
 16714 | D:11     | Noticed a boulder beetle
 16719 | D:11     | Killed a boulder beetle
 16858 | D:11     | Reached skill level 10 in Conjurations
 16862 | D:11     | Noticed an eight-headed hydra
 16949 | D:11     | Killed an eight-headed hydra
 17052 | D:11     | Killed a two-headed ogre
 17145 | D:11     | Noticed a deep elf annihilator
 17155 | D:11     | Killed a deep elf annihilator
 17156 | D:11     | Reached skill level 10 in Fighting
 17278 | D:11     | Noticed a death knight
 17288 | D:11     | Killed a death knight
 18581 | D:12     | Noticed a boulder beetle
 18592 | D:12     | Killed a boulder beetle
 18660 | D:12     | Found a staircase to the Orcish Mines.
 19003 | D:12     | Gained mutation: A meltable icy envelope protects you from
                  | harm. (AC +4) [demonic ancestry]
 19003 | D:12     | Reached XP level 13. HP: 85/106 MP: 9/21
 19004 | D:12     | Offered knowledge of Lightning Bolt by Vehumet.
 19938 | D:12     | Identified the ring "Waqadots" {Fire Dex+2}
 20232 | D:12     | Identified the +2 cloak of Lidghexze {+Blink Stlth+}
 20562 | D:12     | Reached skill level 11 in Conjurations
 21095 | Lair:1   | Entered Level 1 of the Lair of Beasts
 21740 | Lair:1   | Reached skill level 12 in Conjurations
 23313 | Lair:2   | Reached skill level 13 in Conjurations
 23741 | Lair:2   | Reached XP level 14. HP: 113/113 MP: 17/24
 24374 | Lair:3   | Offered knowledge of Ozocubu's Refrigeration by Vehumet.
 24553 | Lair:3   | Acquired the +0 helmet of Kaytsujo {Rampage Int+4 Dex+2
                  | Slay+3}
 24594 | Lair:3   | Reached skill level 14 in Conjurations
 25852 | Lair:4   | Learned a level 5 spell: Irradiate
 26146 | Lair:4   | Found a staircase to the Swamp.
 26213 | Lair:4   | Reached skill level 1 in Transmutations
 26591 | Lair:4   | Found a hole to the Spider Nest.
 28155 | Lair:6   | Entered Level 6 of the Lair of Beasts
 28222 | Lair:6   | Found a staircase to the Slime Pits.
 28416 | Lair:6   | Noticed Rupert
 28634 | Orc:1    | Entered Level 1 of the Orcish Mines
 28925 | Orc:2    | Entered Level 2 of the Orcish Mines
 28966 | Orc:2    | Offered knowledge of Starburst by Vehumet.
 28974 | Orc:2    | Learned a level 6 spell: Starburst
 29211 | Orc:2    | Reached skill level 10 in Dodging
 29390 | Orc:2    | Found a staircase to the Elven Halls.
 29415 | Orc:2    | Gained mutation: You are robust. (+10% HP) [demonic
                  | ancestry]
 29415 | Orc:2    | Reached XP level 15. HP: 116/134 MP: 15/25
 29430 | Orc:2    | Found Taoclom's Antique Weapon Emporium.
 29430 | Orc:2    | Found Evigammu's Weapon Shop.
 29430 | Orc:2    | Found Pyokhlokh's General Store.
 29430 | Orc:2    | Found Kuetsudd's Weapon Emporium.
 30619 | Orc:1    | Found Edimomni's Weapon Shoppe.
 30783 | D:13     | Got the Tome of Unstable Unholy Arts
 30822 | D:13     | Found a frozen archway.
 30825 | D:13     | Offered knowledge of Yara's Violent Unravelling by Vehumet.
 30838 | D:13     | Learned a level 5 spell: Yara's Violent Unravelling
 30839 | IceCv    | Entered an ice cave
 30841 | IceCv    | Found a transporter.
 30916 | IceCv    | Found a transporter.
 31143 | D:13     | Reached skill level 1 in Hexes
 31201 | D:13     | Found a gate to the Vaults.
 31281 | D:13     | Noticed a tengu reaver
 31300 | D:13     | Noticed a sphinx
 31336 | D:13     | Paralysed by a sphinx for 6 turns
 31339 | D:13     | Annihilated by an ettin

Illustrated notes

Levels and vault maps discovered:
D:1:      ncdulo_halloftheorcs, layout_rooms,
          hellmonk_ecumenical_altar_pennies_from_heaven
D:2:      layout_loops_corners, uniq_crazy_yiuf_cottage, uniq_jessica,
          uniq_sigmund
D:3:      layout_basic, vehumet_statue
D:4:      layout_rooms, corexii_checkpoint_a, uniq_duvessa, uniq_grinder
D:5:      layout_loops_ring, fedhas_altar_3, mainiacjoe_overflow_swirl,
          portal_sewer_entry_e
D:6:      layout_cave_pools, minmay_temple_entry_water_ring,
          nicolae_benzene_ring, lightli_orcish_oven
D:7:      layout_basic, lemuel_round_altar, lemuel_coloured_pillars_altar,
          uniq_harold
D:8:      layout_loops_cross, gammafunk_ghost_smash, enter_bailey_5, uniq_erica,
          uniq_pikel
D:9:      layout_irregular_city, nicolae_qazlal_scattered_showers,
          beargit_hepliaklqana_dungeon_heroes, nicolae_ru_the_path_less_chosen,
          kennysheep_generic_room_12, uniq_psyche
D:10:     layout_roguey [special_room_kobold], due_lair_maze_entry_diamond,
          serial_rivers, chequers_serial_rivers_micro_b,
          chequers_serial_rivers_micro_b, chequers_serial_rivers_small_b,
          chequers_serial_rivers_marsh, chequers_serial_rivers_small_3,
          chequers_serial_rivers_large_a
D:11:     minmay_complete_graph, layout_basic
D:12:     minmay_the_grid_octo_tiled_squarecenter_mashed
          [minmay_the_grid_octo_checkered, minmay_the_grid_octo_checkerflower,
          minmay_the_grid_octo_empty, minmay_the_grid_octo_pinwheel,
          minmay_the_grid_square_5x5_megaprize_checkered,
          minmay_the_grid_square_5x5_mess, minmay_the_grid_square_5x5_inset,
          minmay_the_grid_square_5x5_slash, minmay_the_grid_square_5x5_longway],
          layout_long_grid
D:13:     layout_loops_cross, david_vaults_1, serial_shops,
          nicolae_lakefront_shop, portal_ice_cave_entry_imps,
          minmay_diamond_spiral, uniq_frances
Lair:1:   layout_gridlike
Lair:2:   layout_big_grid, minmay_lair_oklob_bushes, serial_bayou_shore_b
Lair:3:   layout_regular_city, st_stairs_4, grunt_megastairs_2,
          serial_bayou_shore_b
Lair:4:   layout_layer_cave, swamp_mist_pool, spider_nest_entry_rubble,
          special_room [special_room_bee], minmay_stone_trees_small,
          chequers_serial_rivers_micro_b, chequers_serial_rivers_small_3
Lair:5:   layout_gridlike, grunt_megastairs_5
Lair:6:   hellmonk_lair_end_abyssal_woods, layout_cave_pods,
          minmay_slime_entry_oklob_enclosed, serial_bayou_shore_a,
          lemuel_fruit_fields, infiniplex_staircase_pool, uniq_rupert, uniq_urug
Orc:1:    layout_diamond_mine, serial_shops, shop
Orc:2:    st_orc_ogre_mass, layout_caves

Skill      XL: |  1  2  3  4  5  6  7  8  9 10 11 12 13 14 15 |
---------------+----------------------------------------------+-----
Fire Magic     | 3 4 5 6 8 |  8.4
Conjurations   | 2 3 5 6 8 9 10 13 14 | 14.2
Spellcasting   | 3 5 7 |  7.0
Fighting       | 7 9 11 12 13 | 13.0
Earth Magic    | 3 8 9 |  9.1
Dodging        | 5 7 8 10 | 10.9
Transmutations | 4 |  4.6
Hexes          | 2 |  2.1
Stealth        | |  1.7

Action                   |  1- 3 |  4- 6 |  7- 9 | 10-12 | 13-15 || total
-------------------------+-------+-------+-------+-------+-------++-------
Melee: Unarmed           |     5 |     3 |    16 |       |       ||    24
       Rapier            |       |       |    21 |    94 |    22 ||   137
       Staff             |       |       |       |    21 |    43 ||    64
 Cast: Foxfire           |    98 |   101 |   154 |       |       ||   353
       Searing Ray       |       |       |    51 |    32 |       ||    83
       Fireball          |       |       |     3 |     6 |    67 ||    76
       Sticky Flame      |       |       |     2 |    24 |     9 ||    35
       Bolt of Magma     |       |       |       |    70 |   104 ||   174
       Iron Shot         |       |       |       |    15 |   116 ||   131
       Starburst         |       |       |       |       |    27 ||    27
       Irradiate         |       |       |       |       |     7 ||     7
Evoke: Wand              |       |       |       |     3 |     1 ||     4
  Use: Scroll            |       |     5 |     6 |    14 |    16 ||    41
       Potion            |       |     1 |       |     5 |     2 ||     8
 Stab: Sleeping          |       |       |     1 |     1 |       ||     2
Armor: Robe              |     7 |    16 |    62 |    62 |    50 ||   197
Dodge: Dodged            |    23 |    19 |   102 |   168 |   160 ||   472
Block: Other             |     3 |     8 |    23 |    46 |    27 ||   107

Table legend: (Time is in decaauts)
 A = Elapsed time spent in this place.
 B = Non-inter-level travel time spent in this place.
 C = Inter-level travel time spent in this place.
 D = Time resting spent in this place.
 E = Time spent auto-exploring this place.
 F = Levels seen in this place.
 G = Mean time per level.
                   A        B        C        D        E       F      G
               +--------+--------+--------+--------+--------+-----+--------+
         Total |  31487 |  30288 |   1199 |   4547 |  21486 |  24 | 1312.0 |
       Dungeon |  21152 |  20361 |    791 |   3696 |  13731 |  13 | 1627.1 |
          Lair |   7255 |   6968 |    287 |    404 |   5788 |   6 | 1209.2 |
  Orcish Mines |   2124 |   2004 |    120 |    446 |   1203 |   2 | 1062.0 |
         Sewer |    670 |    670 |      0 |      0 |    533 |   1 |  670.0 |
        Bailey |     12 |     12 |      0 |      0 |      0 |   1 |   12.0 |
      Ice Cave |    271 |    271 |      0 |      0 |    230 |   1 |  271.0 |
               +--------+--------+--------+--------+--------+-----+--------+

Top non-repeatable levels by time:
    D:12: 2888 daAuts
    D:11: 2797 daAuts
     D:2: 2143 daAuts
     D:3: 1890 daAuts
  Lair:4: 1834 daAuts
    D:10: 1832 daAuts
  Lair:2: 1695 daAuts
     D:8: 1621 daAuts
     D:7: 1590 daAuts
     D:6: 1411 daAuts
     D:9: 1374 daAuts
  Lair:3: 1311 daAuts
     D:5: 1295 daAuts
   Orc:1: 1135 daAuts
     D:4: 1097 daAuts
